 Dungeon Crawl Stone Soup version 0.29.1-2-gbd0b4ee654 (webtiles) character file.

Game seed: 10538184970574460415

214 MisterFreud the Sneak (level 5, -4/36 HPs)
             Began as a Felid Berserker on Nov 7, 2022.
             Was a Priest of Trog.
             Slain by a kobold brigand
             ... wielding a +0 dagger
              (9 damage)
             ... on level 4 of the Dungeon.
             The game lasted 00:04:43 (3610 turns).

MisterFreud the Sneak (Felid Berserker)             Turns: 3610, Time: 00:04:44

Health: -4/36      AC:  1    Str: 13    XL:     5   Next: 59%
Magic:  6/6        EV: 18    Int:  9    God:    Trog [***...]
Gold:   151        SH:  0    Dex: 17    Spells: 4/4 levels left
                                        Lives:  0   Deaths: 1

rFire   . . .      SeeInvis +     - Unarmed
rCold   . . .      Faith    .   (shield unavailable)
rNeg    . . .      Spirit   .   (body armour unavailable)
rPois   +          Reflect  .   (helmet unavailable)
rElec   .          Harm     .   (cloak unavailable)
rCorr   .          Rampage  .   (gloves unavailable)
Will    ++...                   (boots unavailable)
Stlth   ..........              d - amulet of regeneration
HPRegen 1.92/turn               i - ring of poison resistance
MPRegen 0.10/turn               (no ring)

@: berserking, strong-willed, regenerating, very quick
A: very small, claws 1, fangs 3, see invisible, speed 1, shaggy fur 1, stealthy
paws, no weapons or thrown items, no armour, multi-lived
a: Renounce Religion, Berserk, Trog's Hand


You were on level 4 of the Dungeon.
You worshipped Trog.
Trog was most pleased with you.
You visited 1 branch of the dungeon, and saw 4 of its levels.
You also visited: Sewer.

You collected 151 gold pieces.

Inventory:

Jewellery
 d - an amulet of regeneration (around neck)
 i - a ring of poison resistance (left paw)
Wands
 b - a wand of flame (21)
Scrolls
 a - 5 scrolls of teleportation
Potions
 e - 2 potions of invisibility {unknown}
 g - a potion of brilliance {unknown}
 j - 4 potions of flight


   Skills:
 - Level 3.0 Fighting
 - Level 4.0 Dodging
 - Level 6.0 Stealth
 + Level 5.6 Unarmed Combat


You had 4 spell levels left.
You didn't know any spells.
Your spell library was empty.

Dungeon Overview and Level Annotations

Branches:
Dungeon (4/15)              Sewer (visited)
 Temple: D:4-7

Altars:

Shops:
D:1 (*=*!


Innate Abilities, Weirdness & Mutations

You have sharp claws.
You have razor-sharp teeth.
You have supernaturally acute eyesight. (SInv)
You cover ground quickly. (Speed+)
You are covered in fur. (AC +1)
Your paws help you pounce on unaware monsters.
You are incapable of wielding weapons or throwing items.
You cannot wear armour.
You gain extra lives every three experience levels.


Message History

The kobold brigand hits you with a +0 dagger.
You closely miss the kobold brigand.
The kobold brigand is lightly wounded.
The kobold brigand closely misses you.
You scratch the kobold brigand. Your bite misses the kobold brigand.
The kobold brigand is lightly wounded.
The kobold brigand misses you.
You scratch the kobold brigand.
The kobold brigand is lightly wounded.
The kobold brigand hits you with a +0 dagger.
You are too injured to fight recklessly!
You scratch the kobold brigand.
The kobold brigand is moderately wounded.
The kobold brigand hits you with a +0 dagger!
* * * LOW HITPOINT WARNING * * *
You are too injured to fight recklessly!
You claw the kobold brigand! Your bite misses the kobold brigand.
The kobold brigand is heavily wounded.
You closely miss the kobold brigand.
The kobold brigand is heavily wounded.
The kobold brigand barely misses you.
Your skin crawls.
You feel strong-willed.
The kobold brigand completely misses you.
You closely miss the kobold brigand.
The kobold brigand is heavily wounded.
The kobold brigand misses you.
The kobold shouts!
You scratch the kobold brigand. Your bite misses the kobold brigand.
The kobold brigand is severely wounded.
The kobold brigand hits you with a +0 dagger.
* * * LOW HITPOINT WARNING * * *
You barely miss the kobold brigand.
The kobold brigand is severely wounded.
The kobold brigand hits you with a +0 dagger.
* * * LOW HITPOINT WARNING * * *
A red film seems to cover your vision as you go berserk!
You feel yourself moving faster!
You feel mighty!
The kobold brigand hits you with a +0 dagger!
You die... ##..)..## #.......# #÷....÷.# ###...... ...K..÷ #.......# ...÷÷ # +.......
KKK

.###.....# #K#
..#.....# #K#
#.#.....#### #@#
#.#.....##.. ##.##
#....#####..
####...#####.#....##..
+.÷.......+..#....##..
####...#####.#....##..
##÷####...##...##..
#÷###..####.......
#.##..## #...#...
#'#..## #...#...


You could see a kobold brigand and 5 kobolds.

Vanquished Creatures
  An ogre (D:4)
  A hound (D:3)
  A merfolk siren (Sewer)
  A merfolk avatar (Sewer)
  6 adders
  3 worms
  3 dart slugs
  5 endoplasms
  5 giant cockroaches
  8 goblins
  6 hobgoblins
  6 quokkas
  14 ball pythons
  7 bats
  6 frilled lizards
  13 kobolds
  25 rats
111 creatures vanquished.

Notes
Turn   | Place    | Note
-------+----------+-------------------------------------------
     0 | D:1      | MisterFreud the Felid Berserker began the quest for the
                  | Orb.
     0 | D:1      | Reached XP level 1. HP: 10/10 MP: 2/2
     5 | D:1      | Found Sustey's Assorted Antiques.
    81 | D:1      | Reached skill level 1 in Stealth
   108 | D:1      | Found a faded altar of an unknown god.
   168 | D:1      | Found Foosojol's Distillery.
   274 | D:1      | Reached XP level 2. HP: 14/14 MP: 3/3
   401 | D:1      | Reached skill level 2 in Stealth
   634 | D:1      | Found Rybik's General Store.
   918 | D:1      | Found Gyrheudd's Jewellery Shoppe.
  1214 | D:1      | Found Addun's Weapon Boutique.
  1435 | D:2      | Reached XP level 3. HP: 8/17 MP: 4/4
  1690 | D:2      | Reached ** piety under Trog
  1691 | D:2      | Reached skill level 3 in Stealth
  2264 | D:3      | Reached XP level 4. HP: 21/21 MP: 5/5
  2322 | D:3      | Reached skill level 4 in Stealth
  2634 | D:3      | Reached XP level 5. HP: 24/24 MP: 6/6
  2878 | D:3      | Found a glowing drain.
  2882 | Sewer    | Entered a sewer
  2947 | Sewer    | Reached *** piety under Trog
  2965 | Sewer    | Reached skill level 5 in Stealth
  3207 | Sewer    | Reached skill level 5 in Unarmed Combat
  3420 | D:4      | Noticed a phantom
  3433 | D:3      | Slain by an iguana
  3434 | D:3      | Reached XP level 4. HP: -5/21 MP: 5/5
  3447 | D:4      | Noticed an ogre
  3461 | D:4      | Killed an ogre
  3462 | D:4      | Reached skill level 6 in Stealth
  3462 | D:4      | Reached XP level 5. HP: 24/24 MP: 6/6
  3587 | D:4      | Found the +7 Throatcutter {drain, coup de grace}
  3610 | D:4      | Slain by a kobold brigand

Illustrated notes

Levels and vault maps discovered:
D:1:      mushboom_english_gardens, layout_rooms,
          shapermc_ecumenical_altar_totnotflames, serial_shops,
          nicolae_shop_advertising_works [nicolae_subvault_shop_adworks],
          nicolae_shop_hallway_plus, shop, shop_fountains,
          nicolae_lakefront_shop
D:2:      layout_loops_ring, due_unseen_surprise
D:3:      wander_river, layout_basic, gup_sewer_entry_bowl
D:4:      layout_basic, dilly_guarded_unrand_throatcut, uniq_robin

Skill      XL: |  1  2  3  4  5 |
---------------+----------------+-----
Stealth        | 1 2 3 6 5 |  6.0
Unarmed Combat | 4 5 |  5.6
Fighting       | |  3.0
Dodging        | |  4.0

Action                   |  1- 3 |  4- 6 || total
-------------------------+-------+-------++-------
Melee: Unarmed           |   112 |   161 ||   273
       Bite              |     7 |    15 ||    22
       Punch             |     1 |     6 ||     7
Invok: Berserk           |     1 |     1 ||     2
       Trog's Hand       |       |     1 ||     1
  Use: Scroll            |     3 |     2 ||     5
       Potion            |       |     2 ||     2
 Stab: Sleeping          |    12 |    14 ||    26
Armor: Skin              |     6 |     7 ||    13
Dodge: Dodged            |    84 |   106 ||   190
